Map: Shadowed Jungle

Players

Musumeci - Winner!

  • Race: Zerg Zerg
  • League: Diamond
  • Spawn Location: 11:00

MichyMoko - Winner!

  • Race: Zerg Zerg
  • Spawn Location: 1:00

Malossi

  • Race: Terran Terran
  • Spawn Location: 7:00

strvN

  • Race: Terran Terran
  • Spawn Location: 5:00

VOD

Have the link to the VOD?

Description

Time

  • Played on: March 11, 2017, 12:08 p.m.
  • Length: 27:58
Show
View Real Time Build Order
Export as new Build Order

Musumeci Zerg - Winner!

Build Orders: Hatch First 

Get SALT Encoding   

  12  0:01  Drone  
  13  0:08  Drone  
  14  0:15  Drone, Extractor  
  15  0:40  Hatchery  
  14  0:46  Drone, Extractor  
  15  1:04  Spawning Pool  
  14  1:12  Drone, Extractor  
  14  1:13  Extractor  
  14  1:14  Drone  
  16  1:43  Overlord  
  16  1:52  Drone x2  
  16  1:53  Drone  
  19  2:01  Queen x2  
  19  2:03  Drone  
  19  2:04  Drone  
  25  2:09  Drone  
  25  2:14  Overlord  
  26  2:19  Drone  
  27  2:35  Drone  
  29  2:37  Queen x2, Drone  
  32  2:45  Drone x2  
  32  2:47  Drone  
  32  2:48  Drone  
  36  2:53  Extractor  
  36  2:54  Extractor  
  36  2:58  Roach Warren  
  33  3:07  Drone x2  
  33  3:08  Drone  
  33  3:10  Overlord  
  36  3:38  Roach x2  
  42  3:41  Roach  
  42  3:44  Roach  
  44  3:52  Overlord x2  
  44  3:54  Overlord  
  44  4:13  Roach x4  
  44  4:14  Roach x2  
  52  4:48  Drone x11  
  61  5:02  Drone x2, Spore Crawler  
  61  5:04  Spore Crawler  
  61  5:06  Extractor, Spore Crawler  
  59  5:07  Drone  
  59  5:08  Extractor, Spore Crawler  
  58  5:19  Overlord x2  
  58  5:36  Ravager x2  
  58  5:37  Drone  
  58  5:38  Drone x2  
  58  5:39  Overlord  
  58  5:40  Drone  
  65  5:42  Ravager  
  65  5:43  Hatchery, Ravager  
  65  5:49  Lair  
  65  5:57  Evolution Chamber  
  65  5:59  Evolution Chamber  
  59  6:08  Drone x4  
  61  6:20  Drone  
  61  6:23  Drone  
  61  6:24  Drone x2, Spore Crawler  
  64  6:45  Drone x2  
  64  6:46  Drone x5  
  71  6:59  Zerg Ground Armor Level 1, Zerg Missile Weapons Level 1  
  71  7:04  Glial Reconstitution  
  71  7:07  Drone  
  72  7:10  Drone  
  72  7:13  Drone  
  74  7:16  Ravager x2  
  74  7:17  Ravager  
  77  7:42  Roach x9  
  77  8:06  Roach x6  
  83  8:41  Spore Crawler  
  83  8:47  Roach x5  
  83  8:48  Overlord x6  
  90  8:55  Extractor x2  
  89  9:00  Ravager x2  
  90  9:06  Ravager x5  
  90  9:07  Ravager x5  
  100  9:12  Drone  
  100  9:13  Drone x8  
  109  9:49  Zerg Missile Weapons Level 2, Zerg Ground Armor Level 2  
  109  9:50  Roach x4  
  113  9:59  Spawning Pool  
  111  10:34  Roach  
  111  10:35  Roach x12  
  137  10:48  Drone  
  138  10:52  Overlord x5  
  138  11:07  Queen  
  132  11:19  Spore Crawler  
  132  11:25  Spore Crawler  
  130  11:26  Drone x14  
  130  11:30  Overseer  
  130  11:31  Overseer  
  144  11:32  Spore Crawler  
  139  11:47  Ravager  
  139  11:48  Ravager x10  
  150  12:17  Roach x8  
  150  12:18  Roach x6  
  170  12:49  Overlord x6  
  158  12:52  Spore Crawler  
  155  13:18  Overseer  
  156  13:34  Ravager x6  
  156  13:35  Ravager x8  
  169  13:45  Hatchery  
  168  14:08  Extractor  
  167  14:11  Extractor  
  146  14:52  Roach x17  
  134  15:00  Roach x12  
  134  15:01  Roach x2  
  153  15:13  Ravager x4  
  153  15:14  Ravager x4  
  157  15:17  Drone x3  
  157  15:18  Drone x3  
  157  15:20  Ravager  
  152  15:49  Roach x10  
  167  15:50  Roach x6  
  167  16:05  Ravager  
  168  16:21  Spore Crawler  
  168  16:23  Spore Crawler  
  168  16:24  Spine Crawler  
  165  16:26  Spine Crawler  
  165  16:27  Spine Crawler  
  165  16:30  Ravager x7  
  170  16:40  Ravager x5  
  170  16:41  Ravager x10  
  170  16:42  Ravager x2  
  170  16:46  Ravager x4  
  134  17:37  Roach x11  
  134  17:38  Roach x9  
  169  18:00  Hatchery  
  163  18:49  Infestation Pit  
  162  19:04  Spore Crawler x2  
  162  19:07  Spore Crawler  
  162  19:08  Hatchery, Extractor  
  157  19:11  Extractor  
  153  19:25  Ravager  
  153  19:26  Ravager x7  
  161  19:36  Burrow  
  127  20:20  Roach x15  
  120  20:35  Roach  
  120  20:36  Roach x8  
  104  21:07  Tunneling Claws  
Show
View Real Time Build Order
Export as new Build Order

MichyMoko Zerg - Winner!

Build Orders: Hatch First 

Get SALT Encoding   

  12  0:02  Drone  
  13  0:17  Overlord  
  13  0:18  Drone  
  14  0:35  Drone x2  
  16  0:39  Drone  
  17  0:57  Hatchery  
  17  1:02  Drone  
  17  1:14  Spawning Pool  
  17  1:15  Drone  
  17  1:21  Extractor  
  17  1:22  Drone  
  17  1:24  Drone  
  18  1:35  Drone  
  19  1:45  Drone  
  20  1:58  Drone  
  21  2:08  Queen  
  21  2:09  Queen  
  21  2:12  Overlord  
  21  2:13  Zergling x2  
  26  2:23  Drone, Roach Warren  
  26  2:25  Drone  
  26  2:27  Drone  
  28  2:40  Drone  
  28  2:41  Drone  
  30  3:00  Queen  
  30  3:04  Roach x2  
  36  3:05  Overlord  
  36  3:09  Lair  
  36  3:14  Drone, Extractor  
  36  3:18  Extractor  
  36  3:19  Drone  
  36  3:21  Drone, Extractor  
  36  3:27  Roach  
  36  3:28  Roach, Drone  
  36  3:29  Drone  
  36  3:32  Drone  
  43  3:58  Overlord x3  
  43  4:05  Evolution Chamber  
  43  4:06  Drone x2, Evolution Chamber  
  43  4:07  Drone  
  37  5:04  Ravager x4  
  43  5:07  Roach x4  
  43  5:08  Roach  
  49  5:19  Drone x4  
  49  5:20  Drone x3  
  56  5:33  Overlord  
  56  5:34  Overlord  
  56  5:35  Drone x2  
  58  5:37  Zerg Missile Weapons Level 1  
  58  5:53  Drone x5  
  63  6:00  Overlord  
  63  6:02  Drone x2  
  65  6:05  Roach  
  65  6:07  Ravager x3  
  70  6:32  Hatchery  
  69  6:35  Glial Reconstitution  
  69  6:39  Ravager  
  71  6:40  Ravager  
  71  6:49  Zerg Ground Armor Level 1  
  71  7:20  Roach  
  71  7:21  Roach x5  
  48  8:12  Drone x6  
  54  8:13  Drone x4  
  54  8:19  Overseer  
  58  8:32  Drone x2  
  58  8:33  Drone  
  61  8:35  Drone x2  
  61  8:36  Drone x2  
  65  8:43  Roach x6  
  65  8:44  Roach x4  
  85  9:16  Spawning Pool  
  82  9:37  Drone x5  
  82  9:38  Drone x3  
  90  10:04  Overlord x2  
  90  10:05  Overlord  
  90  10:16  Spore Crawler  
  89  10:22  Queen  
  90  10:51  Roach x6  
  90  10:52  Roach x2  
  100  11:29  Overseer  
  100  11:33  Drone  
  100  11:34  Drone  
  78  12:04  Roach Warren  
  75  12:21  Queen  
  69  12:56  Queen, Spore Crawler  
  68  13:11  Spore Crawler  
  67  13:14  Queen  
  67  13:16  Roach x10  
  67  13:17  Roach  
  89  13:48  Spore Crawler  
  88  13:55  Drone x3  
  91  13:56  Drone x3  
  94  14:20  Spore Crawler  
  92  14:36  Lair  
  91  15:05  Hatchery  
  91  15:06  Overlord x4  
  92  15:14  Roach x3  
  92  15:15  Roach x2  
  92  15:16  Overlord x6  
  92  15:17  Overlord x2  
  60  16:04  Hatchery  
  59  16:46  Roach x2  
  59  16:47  Roach x7  
  73  16:48  Ravager  
  73  16:49  Ravager x9  
  87  16:55  Extractor  
  87  16:58  Extractor  
  85  17:02  Drone  
  85  17:03  Drone x10  
  96  17:14  Roach  
  96  17:15  Roach  
  100  17:22  Queen  
  102  17:27  Infestation Pit  
  101  17:30  Drone x3  
  101  17:31  Drone x2  
  101  17:32  Drone  
  107  17:51  Spore Crawler  
  106  17:56  Spore Crawler  
  106  17:57  Spore Crawler  
  101  18:52  Spore Crawler  
  101  18:53  Spore Crawler  
  99  18:57  Spore Crawler  
  99  18:58  Spore Crawler  
  97  19:08  Overseer  
  94  19:20  Overlord x3  
  94  19:22  Roach x4  
  94  19:23  Roach x12  
  94  19:24  Roach x2  
  130  19:52  Hatchery  
  129  20:01  Roach x6  
  129  20:02  Roach x5  
  104  20:39  Roach x8  
  104  20:40  Roach  
Show
View Real Time Build Order
Export as new Build Order

Malossi Terran 

Build Orders: Hellion Opening, MMM Bio 

Get SALT Encoding   

  12  0:01  SCV  
  13  0:13  SCV  
  14  0:19  Supply Depot  
  14  0:25  SCV  
  15  0:38  Refinery  
  16  0:45  Barracks  
  16  0:46  SCV  
  16  0:58  SCV  
  17  1:07  Refinery  
  17  1:15  SCV  
  18  1:31  SCV  
  18  1:32  Marine  
  20  1:39  Factory  
  20  1:43  Orbital Command  
  20  1:52  Supply Depot  
  20  2:05  Barracks Reactor  
  20  2:17  SCV  
  21  2:24  Supply Depot  
  21  2:29  SCV  
  22  2:41  SCV  
  23  2:50  Barracks Tech Lab  
  23  2:51  Starport  
  23  2:54  SCV  
  23  2:56  Hellion x2  
  28  3:07  SCV  
  28  3:08  Barracks  
  29  3:18  Hellion  
  29  3:19  Hellion  
  33  3:43  Command Center  
  33  3:52  Hellion x2  
  37  3:56  Barracks Reactor  
  37  4:06  Marauder  
  35  4:30  Marauder  
  35  4:31  Widow Mine x2, Stimpack  
  37  4:50  Marine x2  
  39  4:54  Medivac  
  39  4:55  Marauder  
  39  4:57  Supply Depot  
  43  5:00  Engineering Bay  
  43  5:02  Orbital Command  
  43  5:08  SCV  
  44  5:20  SCV  
  45  5:21  Marine x2  
  45  5:22  Marauder  
  45  5:26  Medivac  
  51  5:39  Marine x2  
  51  5:41  SCV x2  
  55  5:43  Marauder  
  55  5:44  Terran Infantry Weapons Level 1  
  55  5:48  Supply Depot  
  57  6:07  Marauder, Marine x2  
  59  6:25  Marine x2  
  61  6:26  Engineering Bay  
  61  6:27  Barracks  
  61  6:28  Barracks, Supply Depot  
  61  6:29  Marauder  
  61  6:31  Combat Shields  
  63  6:33  SCV x2  
  65  6:43  Armory  
  65  6:44  Marine x2  
  65  6:45  SCV x2  
  69  6:49  Medivac  
  69  6:50  Marauder  
  69  6:53  Supply Depot  
  73  7:13  Marauder, Marine x2  
  77  7:19  Medivac  
  79  7:28  Barracks Tech Lab  
  79  7:29  Barracks Reactor  
  79  7:31  Marine  
  79  7:35  Marauder  
  82  7:42  Marine  
  78  7:49  Marine  
  69  7:59  Marauder, Marine  
  69  8:01  Marauder  
  74  8:07  Marine  
  74  8:22  Marauder, Marine x2  
  74  8:23  Marauder, Medivac  
  74  8:24  Widow Mine x2  
  78  8:44  Marauder  
  78  8:45  Marauder, Marine x2  
  78  8:46  Marine x2  
  86  8:53  Supply Depot  
  86  8:55  Refinery, Supply Depot  
  86  8:57  Refinery  
  86  9:11  Command Center  
  86  9:14  Widow Mine x2, SCV x2  
  86  9:15  Marauder, Medivac  
  94  9:26  Marauder, Marine x4  
  94  9:29  Terran Infantry Armor Level 1, Supply Depot  
  100  9:32  Concussive Shells  
  100  9:34  SCV  
  100  9:35  SCV, Supply Depot  
  102  9:50  Marine  
  102  9:51  Marauder x2  
  97  10:12  Marauder  
  101  10:14  Marauder, Marine x2  
  101  10:15  Medivac  
  105  10:33  Marauder  
  105  10:35  Marauder  
  109  10:36  Marine  
  109  10:37  Marine x3  
  109  10:40  Supply Depot  
  113  10:45  Supply Depot  
  113  10:48  SCV  
  114  10:55  Marauder  
  114  10:57  Planetary Fortress, Marauder  
  118  11:01  Refinery  
  118  11:31  Marauder x2, Marine x2  
  124  11:44  Marine  
  117  11:51  Widow Mine x2  
  117  11:52  Marauder, Marine x2  
  117  11:53  Marauder, Marine  
  128  11:55  Medivac  
  128  12:02  Marine  
  129  12:10  Marine x2  
  129  12:14  Marauder x2  
  135  12:17  SCV x2  
  137  12:25  Medivac  
  139  12:35  Marauder x2  
  139  12:39  Marine x4  
  139  12:41  Widow Mine  
  146  12:44  SCV  
  132  12:55  Medivac  
  132  12:57  Marauder x2, Marine  
  129  13:07  Terran Infantry Armor Level 2  
  129  13:11  Supply Depot  
  129  13:18  Marauder  
  131  13:21  Barracks  
  131  13:22  Barracks  
  131  13:23  Barracks  
  131  13:24  Barracks  
  131  13:25  Medivac  
  133  13:27  Marine x2  
  133  13:28  Marauder, Marine x2  
  139  13:39  Marauder  
  141  13:45  Marine  
  142  13:49  Marauder  
  142  13:54  Supply Depot  
  142  13:55  Medivac  
  146  14:01  Marauder  
  148  14:06  Refinery  
  146  14:17  Widow Mine  
  146  14:18  Widow Mine, Supply Depot  
  148  14:25  Medivac  
  129  15:08  Marauder x2, Marine x4  
  137  15:15  Barracks Tech Lab  
  137  15:16  Barracks Reactor x2, Barracks Tech Lab  
  137  15:21  Command Center  
  135  15:29  Marauder x2  
  124  15:47  Marauder x2, Marine x4  
  97  15:50  Marine  
  97  15:51  Marauder  
  100  16:02  Widow Mine x2  
  104  16:05  Medivac  
  104  16:06  Marine x2  
  104  16:07  Marine x6  
  104  16:08  Marine  
  104  16:09  Marauder x2, SCV x2  
  121  16:12  Marauder  
  123  16:26  Marauder  
  125  16:35  Medivac  
  127  16:58  Command Center  
  127  16:59  Marauder x4, Marine x2  
  127  17:00  Marine  
  138  17:10  Marine x2  
  140  17:20  Marauder  
  140  17:21  Marauder x3  
  142  17:36  Marine  
  142  17:37  Marine x3  
  135  17:42  Marauder x4  
  129  18:04  Marauder x3, Marine x2  
  129  18:05  Marauder  
  134  18:09  Command Center  
  134  18:13  Marine x2  
  134  18:18  Medivac  
  138  18:25  Marauder  
  138  18:26  Marauder x2  
  140  18:49  Marauder x4, Marine x2  
  140  18:53  Medivac  
  149  19:12  Marauder x2, Marine  
  149  19:13  Marauder  
  152  19:23  Medivac  
  154  19:34  Command Center  
  143  19:53  Medivac  
  68  20:23  Marauder x3, Marine x4, Medivac  
  68  20:24  Marine x2  
  68  20:25  Marauder, Marine x2  
  86  20:41  Marine x4  
  90  20:44  Marauder  
  90  20:45  Marauder x2  
  90  20:46  Marauder  
  97  20:53  Medivac  
  97  20:56  Marine x2  
  76  21:06  Marauder x3  
  76  21:08  Marauder  
  53  21:23  Medivac  
Show
View Real Time Build Order
Export as new Build Order

strvN Terran 

Build Orders: MMM Bio 

Get SALT Encoding   

  12  0:01  SCV  
  13  0:17  Supply Depot  
  13  0:18  SCV  
  14  0:26  Refinery  
  14  0:30  SCV  
  15  0:43  Barracks  
  15  0:47  SCV  
  16  0:59  SCV  
  17  1:12  SCV  
  18  1:25  SCV  
  18  1:30  Marine, Supply Depot  
  20  1:42  Factory  
  20  1:45  Orbital Command  
  20  1:50  Barracks Reactor  
  20  2:12  SCV  
  21  2:24  SCV  
  22  2:35  Barracks Tech Lab  
  22  2:36  SCV  
  23  2:37  Refinery  
  23  2:42  Hellion x2  
  27  2:48  Supply Depot  
  27  2:54  Stimpack  
  27  2:56  Marine  
  28  3:03  Hellion  
  30  3:10  Hellion  
  32  3:14  Supply Depot  
  32  3:19  Marine, Command Center  
  33  3:27  Starport  
  33  3:39  Barracks, Marine  
  34  3:42  Factory Tech Lab  
  34  3:46  SCV  
  35  3:57  Marauder  
  35  3:58  SCV  
  38  4:06  Viking  
  40  4:11  SCV  
  39  4:24  SCV  
  40  4:32  Orbital Command  
  40  4:33  Marauder  
  40  4:36  SCV  
  43  4:48  SCV  
  43  4:49  Orbital Command  
  38  4:53  Starport Reactor  
  38  4:54  Marauder, Marine x2  
  38  4:58  Siege Tank  
  45  5:01  SCV  
  46  5:16  SCV  
  46  5:17  SCV  
  48  5:26  Marine x2  
  50  5:28  SCV  
  50  5:29  SCV, Combat Shields  
  50  5:30  Siege Tank  
  55  5:39  Medivac x2  
  59  5:44  Refinery  
  59  5:45  SCV  
  59  5:46  Refinery  
  60  5:53  Supply Depot  
  60  5:54  Marine, Supply Depot  
  61  6:04  Supply Depot  
  61  6:12  Engineering Bay  
  61  6:13  SCV, Engineering Bay  
  61  6:15  SCV  
  61  6:16  Siege Tank  
  61  6:17  Medivac  
  61  6:18  Marine  
  69  6:29  Marine  
  69  6:30  Marauder  
  72  6:35  Marine  
  72  6:36  Barracks  
  73  6:41  Barracks  
  73  6:42  SCV x2  
  73  6:45  Terran Infantry Armor Level 1  
  73  6:46  Marine  
  76  6:49  Terran Infantry Weapons Level 1  
  76  6:56  Marine  
  76  6:57  Marauder  
  79  7:01  SCV x2  
  79  7:04  Marine  
  79  7:07  Armory  
  82  7:13  SCV x2  
  84  7:16  Marine  
  84  7:18  Marine  
  86  7:31  SCV, Marine  
  80  7:39  SCV  
  80  7:43  SCV  
  67  7:44  Marine x3  
  67  7:45  Marauder  
  67  7:49  Marine  
  69  7:57  Terran Vehicle Weapons Level 1  
  69  8:02  Marine  
  72  8:06  Marauder, Barracks Reactor x2  
  72  8:07  Marine  
  72  8:09  Medivac, Supply Depot  
  72  8:10  Medivac  
  77  8:19  Marine  
  77  8:25  Marine  
  77  8:26  Siege Tank  
  82  8:27  Marauder  
  82  8:30  Supply Depot  
  82  8:31  Supply Depot  
  84  8:37  Marine  
  84  8:38  SCV x2, Supply Depot  
  87  8:42  Marine  
  88  8:49  Marauder  
  90  8:59  Siege Tank  
  92  9:11  Marine  
  92  9:12  Marauder, Marine x4  
  92  9:13  Medivac  
  101  9:29  Marine x2  
  101  9:31  Siege Tank  
  101  9:32  Marine  
  101  9:33  Marine  
  101  9:34  Marauder  
  101  9:37  Marine x2  
  107  9:47  Marine  
  108  9:53  Marine x2  
  108  9:55  Marauder, Marine  
  113  10:01  Marine x2  
  113  10:03  Siege Tank  
  118  10:07  Command Center  
  118  10:19  Supply Depot  
  118  10:23  Supply Depot  
  118  10:40  Marine x4, Medivac x2  
  126  10:42  Supply Depot  
  126  10:44  Marine x2  
  126  10:45  Marauder  
  126  10:47  SCV x2  
  132  10:58  Marine x2  
  132  11:04  SCV, Marine x2  
  134  11:06  Marauder  
  134  11:07  Marine x2  
  110  11:16  Marine x2  
  98  11:22  Orbital Command, Marine x2  
  98  11:25  Marine x2  
  98  11:27  Marauder  
  101  11:34  Marine x2  
  101  11:39  Marine x2  
  98  11:43  Marine x2  
  99  11:49  Marauder  
  99  11:51  Marine x2  
  103  11:56  SCV x2  
  103  11:57  Terran Infantry Weapons Level 2, Marine x2  
  103  12:01  Marine x2  
  107  12:09  Marine  
  107  12:10  Marauder  
  107  12:12  SCV x2  
  110  12:31  Marauder  
  91  12:48  Marine x4  
  91  12:49  Marine x2  
  89  12:53  Marauder  
  88  13:06  Marine x4  
  88  13:07  Marine x2  
  88  13:08  Medivac x2, Siege Tank  
  88  13:11  SCV  
  88  13:12  Terran Vehicle Weapons Level 2  
  92  13:13  Terran Infantry Armor Level 2  
  92  13:14  Marauder  
  92  13:23  SCV  
  92  13:24  Marine x4  
  92  13:25  Marine x2  
  92  13:36  Marauder  
  92  13:39  Medivac x2  
  93  13:41  Marine  
  93  13:42  Marine x3, Supply Depot x2  
  93  13:43  SCV, Marine x2  
  93  13:45  Supply Depot  
  100  13:48  Refinery, SCV  
  100  13:50  Refinery  
  100  13:51  Siege Tank  
  100  13:55  SCV  
  105  13:57  Marauder  
  105  13:59  Marine  
  105  14:00  Marine x3  
  105  14:01  Marine x2  
  113  14:13  SCV  
  114  14:18  Marauder  
  114  14:23  Siege Tank  
  108  14:55  Marine  
  108  14:56  Marine x2  
  99  15:10  SCV x2  
  101  15:23  Marine  
  101  15:24  Marine x2  
  104  15:29  Marine x2  
  104  15:30  Marine x2  
  104  15:32  Command Center  
  108  15:41  Marine x2  
  108  15:42  Marine  
  93  15:47  Marine x2  
  93  15:48  Marine x2  
  94  15:56  Siege Tank  
  97  15:59  Marine x3, Supply Depot x2  
  98  16:05  SCV, Marine x2  
  98  16:06  Marine x2  
  95  16:17  Marine x3  
  98  16:22  SCV  
  98  16:23  Marine x3  
  98  16:24  Marine  
  103  16:27  Widow Mine  
  105  16:35  Marine x3  
  108  16:40  Marine  
  108  16:41  Marine x3  
  103  16:56  Widow Mine  
  98  17:02  Marine  
  98  17:07  Marine x2  
  98  17:08  Marauder, Marine x2  
  101  17:11  Factory  
  100  17:22  Marine x2  
  91  17:25  Marine x3  
  91  17:29  Terran Infantry Weapons Level 3, Marine, Terran Infantry Armor Level 3  
  96  17:30  Marauder  
  93  17:37  Siege Tank  
  93  17:38  Medivac x2  
  93  17:40  Marine x2  
  93  17:43  Marine x3  
  105  17:47  Marine  
  105  17:50  Marine  
  107  17:54  Orbital Command  
  107  17:58  Marine  
  107  18:27  Marine x2  
  103  18:31  Marine x3  
  103  18:32  Marine  
  103  18:33  Factory Tech Lab, Siege Tank  
  107  18:35  Marine  
  107  18:37  Terran Vehicle Weapons Level 3  
  108  18:42  Refinery  
  108  18:44  Marine  
  108  18:46  Marine  
  110  18:49  Marine x2  
  110  18:50  Medivac  
  110  18:53  Marauder  
  116  19:09  Marine x4  
  119  19:10  Marine x2  
  119  19:14  Marauder  
  119  19:16  Siege Tank x2  
  130  19:27  Marine x4  
  134  19:33  Marine x2  
  134  19:36  Marauder  
  138  19:39  Command Center  
  138  19:41  SCV x2  
  138  19:44  Medivac  
  138  19:45  Marine x3  
  143  19:48  Siege Tank x2  
  151  19:53  SCV  
  148  20:07  Marine x3  
  148  20:08  Marauder, Marine x2  
  99  20:49  Marine  
  90  20:50  Marine x2  
  90  20:52  Marine x4  
  90  20:53  Siege Tank  
  90  20:55  Siege Tank  
  96  21:07  Marine  
  97  21:26  Siege Tank  
  97  21:27  Siege Tank  
Tags
 
Add a new tag
Caveats
  • Supply blocks, unpowered buildings, or Contaminate may cause inaccurate times.
  • Supply counts are checked every 10 seconds.